[Event "Team 45 45 League T41"]
[Site "Internet Chess Club"]
[Date "2009.06.07"]
[Round "6"]
[White "Kolibri"]
[Black "Zkid"]
[Result "1/2-1/2"]
[WhiteElo "2122"]
[BlackElo "2244"]
[Opening "French: Winawer, advance variation"]
[ECO "C18"]
[Time "13:00:19"]
[TimeControl "2700+45"]

1. e4 e6 2. d4 d5 3. Nc3 Bb4 4. e5 c5 5. a3 Bxc3+ 6. bxc3 Qa5 7. Qd2 Nc6 8. Nf3
b6 9. Bd3 Ba6 10. O-O cxd4 11. Bxa6 Qxa6 12. cxd4 Nge7 {Game drawn by mutual
agreement} 1/2-1/2

[Event "Team 45 45 League T41"]
[Site "Internet Chess Club"]
[Date "2009.06.07"]
[Round "6"]
[White "f5"]
[Black "Monsoon-Smith"]
[Result "1/2-1/2"]
[WhiteElo "2156"]
[BlackElo "2105"]
[Opening "Trompowsky attack (Ruth, Opocenský opening)"]
[ECO "A45"]
[Time "15:04:20"]
[TimeControl "2700+45"]

1. d4 Nf6 2. Bg5 Ne4 3. Bf4 c5 4. f3 Qa5+ 5. c3 Nf6 6. Nd2 cxd4 7. Nb3 Qb6 8.
Qxd4 Nc6 9. Qxb6 axb6 10. Nd4 e5 11. Nxc6 exf4 12. Nd4 d5 13. g3 Bd6 14. Kf2 O-O
15. Nh3 Nh5 16. a3 Bd7 17. gxf4 Nxf4 18. Nxf4 Bxf4 19. e3 Be5 20. Bb5 Be6 21. f4
Bxd4 22. exd4 Bf5 23. Rhe1 Be4 24. Re3 Rfc8 25. Rg1 Kf8 26. h4 Rc7 27. Rc1 {Game
drawn by mutual agreement} 1/2-1/2

[Event "Team 45 45 League T41"]
[Site "Internet Chess Club"]
[Date "2009.06.06"]
[Round "6"]
[White "poni"]
[Black "xakelari"]
[Result "1/2-1/2"]
[WhiteElo "2023"]
[BlackElo "2049"]
[Opening "QGD: Tartakower (Makagonov-Bondarevsky) system"]
[ECO "D58"]
[Time "11:00:08"]
[TimeControl "2700+45"]

1. Nf3 Nf6 2. c4 e6 3. Nc3 d5 4. d4 Be7 5. Bg5 O-O 6. e3 h6 7. Bh4 b6 8. Be2 Bb7
9. Bxf6 Bxf6 10. cxd5 exd5 11. O-O c5 12. dxc5 bxc5 13. Qb3 Bc6 14. Rfd1 Bxc3
15. Qxc3 Qe7 16. Ne5 Bb7 17. Bf3 Rd8 18. Bh5 g6 19. Bf3 Na6 20. Ng4 d4 21. exd4
Bxf3 22. Qxf3 h5 23. Ne5 Rac8 24. Re1 Qc7 25. dxc5 Nxc5 26. Rac1 Qb7 27. Qf6 Ne4
28. Qf4 Nd6 29. h4 Nf5 30. Nf3 Qxb2 31. Rxc8 Rxc8 32. Qa4 Qb7 33. Re8+ {Game
drawn by mutual agreement} 1/2-1/2

[Event "Team 45 45 League T41"]
[Site "Internet Chess Club"]
[Date "2009.06.11"]
[Round "6"]
[White "Rainbird"]
[Black "frank001"]
[Result "0-1"]
[WhiteElo "1710"]
[BlackElo "1988"]
[Opening "English: symmetrical, Benoni formation"]
[ECO "A31"]
[Time "14:01:39"]
[TimeControl "2700+45"]

1. d4 Nf6 2. c4 c5 3. Nf3 cxd4 4. Nxd4 e5 5. Nb5 d5 6. cxd5 Bc5 7. e3 O-O 8. Be2
e4 9. O-O Nxd5 10. N5c3 Nxc3 11. Nxc3 Qe7 12. Qc2 Bf5 13. Bd2 Nc6 14. a3 a6 15.
Rfd1 Rfd8 16. Be1 Bd6 17. Nd5 Qe5 18. g3 Bh3 19. Nf4 Bf5 20. Bc3 Qe7 21. Rac1
Rac8 22. Nd5 Qf8 23. Bf1 Ne5 24. Qb3 Nf3+ 25. Kg2 b5 26. Be2 Bg4 27. h3 Nh4+ 28.
gxh4 Bxe2 29. Rg1 Bb8 30. Nf6+ Kh8 31. Nxe4 f6 32. Qb4 Qe8 33. Nxf6 Qg6+ 34. Ng4
Rc4 35. Bxg7+ Qxg7 36. Rxc4 Bxc4 37. f3 h5 38. Kf2 hxg4 39. Rxg4 Qe5 40. f4 Qf6
41. Rg5 Bxf4 42. exf4 Qxf4+ 43. Kg1 Rd1+ {White resigns} 0-1

[Event "Team 45 45 League T41"]
[Site "Internet Chess Club"]
[Date "2009.06.05"]
[Round "6"]
[White "ElmerHo"]
[Black "isolani"]
[Result "1/2-1/2"]
[WhiteElo "1520"]
[BlackElo "1442"]
[Opening "Caro-Kann: advance variation"]
[ECO "B12"]
[Time "20:00:14"]
[TimeControl "2700+45"]

1. e4 c6 2. d4 d5 3. e5 Bf5 4. Nf3 e6 5. Be2 c5 6. Be3 Qc7 7. c3 Nc6 8. Na3 a6
9. O-O c4 10. Qd2 Nge7 11. Nc2 b5 12. Nb4 a5 13. Nxc6 Nxc6 14. Nh4 Bg6 15. f4
Be7 16. Nxg6 hxg6 17. b3 Kd7 18. bxc4 bxc4 19. Rfd1 Na7 20. Rab1 Rhb8 21. Qc2
Qc6 22. a4 Nc8 23. Rxb8 Rxb8 24. Rb1 Rxb1+ 25. Qxb1 Qb6 26. Qxb6 Nxb6 27. Bd1
Ba3 28. g4 Ke7 29. h4 Bb2 30. Bd2 {Game drawn by mutual agreement} 1/2-1/2

[Event "Team 45 45 League T41"]
[Site "Internet Chess Club"]
[Date "2009.06.07"]
[Round "6"]
[White "Invicta-Knight"]
[Black "arconia"]
[Result "1-0"]
[WhiteElo "1603"]
[BlackElo "1312"]
[Opening "Sicilian: closed"]
[ECO "B23"]
[Time "10:03:23"]
[TimeControl "2700+45"]

1. e4 c5 2. Nc3 e6 3. f4 Nc6 4. Nf3 d6 5. d4 cxd4 6. Nxd4 a6 7. Be3 Be7 8. Bc4
Bd7 9. O-O h6 10. Qe1 Nf6 11. Qg3 Rg8 12. e5 Nh7 13. Nxe6 Bxe6 14. Bxe6 fxe6 15.
Qg6+ Kd7 16. Qxh7 Qe8 17. Rad1 d5 18. Na4 Bd8 19. Bb6 Kc8 20. Bxd8 Qxd8 21. f5
Rh8 22. Qg6 b6 23. Qxe6+ Kb7 24. Rxd5 Qg5 25. Rd7+ {Black resigns} 1-0

[Event "Team 45 45 League T41"]
[Site "Internet Chess Club"]
[Date "2009.06.07"]
[Round "6"]
[White "Beancounter"]
[Black "AndersO"]
[Result "1-0"]
[WhiteElo "1686"]
[BlackElo "1412"]
[Opening "French: Burn variation"]
[ECO "C11"]
[Time "14:01:09"]
[TimeControl "2700+45"]

1. e4 e6 2. d4 d5 3. Nc3 Nf6 4. Bg5 dxe4 5. Nxe4 Be7 6. Bxf6 Bxf6 7. Nf3 O-O 8.
c3 Nd7 9. Bd3 b6 10. Qc2 Bb7 11. O-O h6 12. Rfe1 c5 13. Nxf6+ Nxf6 14. Qe2 cxd4
15. Nxd4 Qd5 16. Nf3 Rad8 17. Bc4 Qc6 18. Rad1 Nh7 19. Ba6 Bxa6 20. Qxa6 Qc7 21.
Qe2 Nf6 22. Rd4 Rd5 23. Rxd5 Nxd5 24. g3 Rd8 25. Ne5 Nf6 26. Nf3 Rd6 27. Nd4 Qd7
28. Qf3 Rd5 29. Qf4 Qb7 30. Re5 a6 31. Rxd5 Nxd5 32. Qe4 Qc8 33. Nf3 b5 34. Kg2
a5 35. a3 Nb6 36. Nd4 Qd7 37. Qe5 Qd5+ 38. Qxd5 exd5 39. Nxb5 Kf8 40. Kf3 Ke7
41. b3 Kd7 42. Ke3 Kc6 43. Nd4+ Kc5 44. Nf5 a4 45. bxa4 Nxa4 46. Kd3 Nb2+ 47.
Kc2 Na4 48. Nxg7 Kc4 49. Nf5 Nxc3 50. Nd6+ Kd4 51. Nf5+ Kc4 52. Nd6+ Kd4 53.
Nxf7 Na4 54. Nxh6 Kc4 55. Nf5 d4 56. Nxd4 Kxd4 57. h4 Ke4 58. Kb3 Nb6 59. a4 Kd5
60. h5 Nd7 61. Kb4 Kc6 62. g4 Nf6 63. h6 Nd5+ 64. Kb3 Nf4 65. g5 Ng6 66. Kb4 Nf4
67. h7 Ng6 68. f4 Kb6 69. f5 Nh8 70. g6 {Black resigns} 1-0

[Event "Team 45 45 League T41"]
[Site "Internet Chess Club"]
[Date "2009.06.06"]
[Round "6"]
[White "Esslinger"]
[Black "rayngrant"]
[Result "0-1"]
[WhiteElo "1373"]
[BlackElo "1601"]
[Opening "Grünfeld with e3 & Bd3"]
[ECO "D94"]
[Time "10:03:05"]
[TimeControl "2700+45"]

1. d4 Nf6 2. c4 g6 3. Nc3 d5 4. e3 Bg7 5. Nf3 O-O 6. Bd3 c5 7. dxc5 Qa5 8. O-O
Qxc5 9. cxd5 Nxd5 10. Nxd5 Qxd5 11. a3 Bg4 12. Be2 Rd8 13. Qa4 Bd7 14. Qd1 Be6
15. Qxd5 Bxd5 16. Rb1 Be4 17. Ra1 Nc6 18. Ng5 Bc2 19. a4 Nb4 20. Ra3 h6 21. Nf3
Rd6 22. Bd2 Rxd2 23. Nxd2 Bxb2 24. Nc4 Bxa3 25. Nxa3 Bxa4 26. Rb1 a5 27. Rc1 Nc6
28. Rb1 Rb8 29. Bf3 Nb4 30. Nc4 b6 31. Ra1 Bb3 32. Na3 a4 33. Nb5 Nc2 34. Rb1
Rc8 35. Bd1 Rc5 36. Bxc2 Rxb5 37. Bd3 Rc5 38. h3 b5 39. e4 b4 40. f3 Rc3 41. Bb5
a3 42. Ra1 Bc4 43. Ba4 a2 44. Bd1 b3 {White resigns} 0-1

[Event "Team 45 45 League T41"]
[Site "Internet Chess Club"]
[Date "2009.06.06"]
[Round "6"]
[White "kingsrook"]
[Black "Just-Jim"]
[Result "0-1"]
[WhiteElo "1279"]
[BlackElo "1445"]
[Opening "Queen's pawn game"]
[ECO "D02"]
[Time "11:35:30"]
[TimeControl "2700+45"]

1. d4 d5 2. Nf3 Bf5 3. e3 a6 4. c4 Nc6 5. cxd5 Nb4 6. Qb3 Nc2+ 7. Kd2 Nxa1 8.
Qc3 Bxb1 9. a3 Ba2 10. Bc4 Bxc4 11. Qxc4 Nf6 12. Ke2 Nxd5 13. Bd2 e6 14. Rxa1
Be7 15. Rc1 O-O 16. b4 Qd7 17. Ke1 a5 18. Ne5 Qa4 19. e4 Bxb4 20. axb4 Nxb4 21.
Qxc7 f6 22. Bxb4 axb4 23. Nd3 Qa3 24. Qxb7 Qxd3 25. Qxb4 Qxe4+ 26. Kf1 Rad8 27.
Rd1 Rc8 28. Qb2 Rc2 29. Qb5 Rfc8 30. Re1 Rc1 {White forfeits on time} 0-1

[Event "Team 45 45 League T41"]
[Site "Internet Chess Club"]
[Date "2009.06.05"]
[Round "6"]
[White "mongmong"]
[Black "az2112"]
[Result "0-1"]
[WhiteElo "1607"]
[BlackElo "1763"]
[Opening "King's Indian: East Indian defense"]
[ECO "A48"]
[Time "21:00:37"]
[TimeControl "2700+45"]

1. d4 Nf6 2. Nf3 g6 3. e3 Bg7 4. c4 c5 5. a3 O-O 6. b4 b6 7. Bb2 e6 8. Be2 Nc6
9. Qb3 d5 10. O-O Qe7 11. cxd5 Nxd5 12. bxc5 bxc5 13. dxc5 Rb8 14. Qc2 Rxb2 15.
Qa4 Rxe2 {White resigns} 0-1

[Event "Team 45 45 League T41"]
[Site "Internet Chess Club"]
[Date "2009.06.06"]
[Round "6"]
[White "Chess2Play"]
[Black "Andressa"]
[Result "1-0"]
[WhiteElo "1685"]
[BlackElo "1539"]
[Opening "King's Indian defense, 3.Nc3"]
[ECO "E61"]
[Time "10:06:04"]
[TimeControl "2700+45"]

1. d4 Nf6 2. c4 g6 3. Nc3 Bg7 4. Bg5 e6 5. Qd2 d5 6. cxd5 exd5 7. Qf4 Qd6 8.
Qxd6 cxd6 9. Bxf6 Bxf6 10. Nxd5 Bd8 11. e3 Be6 12. Bc4 Nc6 13. b3 Bxd5 14. Bxd5
Ba5+ 15. Ke2 Rb8 16. Nf3 Nb4 17. Be4 f5 18. Bd3 Nd5 19. Rhc1 Nc3+ 20. Kf1 O-O
21. a3 Nd5 22. Bc4 {Black resigns} 1-0

[Event "Team 45 45 League T41"]
[Site "Internet Chess Club"]
[Date "2009.06.05"]
[Round "6"]
[White "smsxman"]
[Black "sdcohle"]
[Result "0-1"]
[WhiteElo "1467"]
[BlackElo "1333"]
[Opening "Danish gambit"]
[ECO "C21"]
[Time "22:02:20"]
[TimeControl "2700+45"]

1. e4 e5 2. d4 exd4 3. c3 dxc3 4. Bc4 Nc6 5. Qb3 Qe7 6. Nxc3 Na5 7. Qa4 Nxc4 8.
Qxc4 d6 9. Nf3 Nf6 10. Bg5 Be6 11. Qb5+ c6 12. Qe2 g6 13. O-O Bg7 14. Rad1 O-O
15. e5 dxe5 16. Nxe5 Qc7 17. Bf4 Nh5 18. g3 Nxf4 19. gxf4 Rfe8 20. Rfe1 Bf5 21.
Qc4 Re7 22. Nb5 cxb5 23. Qxc7 Rxc7 {White resigns} 0-1

[Event "Team 45 45 League T41"]
[Site "Internet Chess Club"]
[Date "2009.06.08"]
[Round "6"]
[White "TerryMalloy"]
[Black "TheronUAL"]
[Result "1-0"]
[WhiteElo "2024"]
[BlackElo "1468"]
[Opening "Old Indian defense"]
[ECO "A53"]
[Time "15:00:38"]
[TimeControl "2700+45"]

1. d4 Nf6 2. c4 d6 3. g3 g6 4. Bg2 Bg7 5. Nf3 O-O 6. O-O c6 7. Nc3 Nbd7 8. Qc2
e5 9. Rd1 Qc7 10. b3 Re8 11. Bb2 e4 12. Ne1 e3 13. fxe3 Rxe3 14. Bc1 Re8 15. e4
a6 16. Bf4 Bf8 17. Nf3 h6 18. Rac1 g5 19. Bd2 Nb6 20. Rf1 Bg4 21. Nxg5 hxg5 22.
Rxf6 Bg7 23. Rff1 Bxd4+ 24. Kh1 Bh5 25. Bxg5 Bg6 26. Ne2 Be5 27. Nf4 Bh7 28. Qf2
Nd7 29. Nd3 Nc5 30. Nxe5 Rxe5 31. Bf6 Nxe4 32. Qf4 Nxf6 33. Qxf6 Rae8 34. Rcd1
R8e6 35. Qf4 Qe7 36. Bh3 Be4+ 37. Kg1 Rg6 38. Bg2 Bxg2 39. Kxg2 Re2+ 40. Rf2
Rxf2+ 41. Qxf2 Qe4+ 42. Kg1 Re6 43. Qd2 Qe3+ 44. Qxe3 Rxe3 45. Kf2 Re6 46. g4
Kg7 47. Kf3 Kg6 48. h4 f5 49. gxf5+ Kxf5 50. Rg1 Rg6 51. Rxg6 Kxg6 52. Kf4 Kh5
53. Kf5 b5 54. Ke6 bxc4 55. bxc4 d5 56. cxd5 cxd5 57. Kxd5 Kxh4 58. Kc5 Kg5 59.
Kb6 Kf5 60. Kxa6 Ke5 61. Kb6 Kd6 62. a4 Kd7 63. Kb7 Kd6 64. a5 Kc5 65. a6 Kb5
66. a7 {Black resigns} 1-0

[Event "Team 45 45 League T41"]
[Site "Internet Chess Club"]
[Date "2009.06.07"]
[Round "6"]
[White "Pillsbury57"]
[Black "Ernie1"]
[Result "0-1"]
[WhiteElo "1485"]
[BlackElo "1630"]
[Opening "Caro-Kann defense"]
[ECO "B15"]
[Time "21:01:56"]
[TimeControl "2700+45"]

1. d4 c6 2. e4 d5 3. Nc3 dxe4 4. Nxe4 Nf6 5. Ng3 Bg4 6. f3 Bd7 7. Bf4 e6 8. Be2
Bb4+ 9. c3 Ba5 10. b4 Bc7 11. Bxc7 Qxc7 12. Qb3 Nd5 13. c4 Nf6 14. Bd3 a5 15. b5
b6 16. Rb1 cxb5 17. cxb5 O-O 18. N1e2 Nd5 19. Be4 Qd6 20. a4 Ra7 21. O-O Rc7 22.
Rbc1 Rfc8 23. Rxc7 Rxc7 24. Nc1 Nc3 25. Nce2 Nxe2+ 26. Nxe2 f5 27. Bd3 Kh8 28.
Bc4 e5 29. dxe5 Qc5+ 30. Kh1 Qxc4 31. Qxc4 Rxc4 32. Ra1 Be6 33. Ng3 Nd7 34. Ne2
Nxe5 35. f4 Nd3 36. g3 Nc5 37. Rd1 Nxa4 38. Rd8+ Bg8 39. Nd4 g6 40. Nc6 Kg7 41.
Rd7+ Kh6 42. Ne5 Be6 43. Rd6 Rc1+ 44. Kg2 Bc4 45. Nd7 Bxb5 46. Nxb6 Nxb6 47.
Rxb6 Rc5 48. Rb8 a4 49. h3 a3 50. Ra8 Rc2+ 51. Kg1 a2 {White resigns} 0-1

[Event "Team 45 45 League T41"]
[Site "Internet Chess Club"]
[Date "2009.06.04"]
[Round "6"]
[White "MikeA"]
[Black "achessfool"]
[Result "0-1"]
[WhiteElo "1372"]
[BlackElo "1462"]
[Opening "French: Tarrasch, open, 4.ed ed"]
[ECO "C08"]
[Time "19:00:52"]
[TimeControl "2700+45"]

1. e4 e6 2. d4 d5 3. Nd2 c5 4. exd5 exd5 5. Ngf3 Nf6 6. Bb5+ Nc6 7. O-O cxd4 8.
Nxd4 Qb6 9. N2f3 Be7 10. Bg5 O-O 11. Re1 Ne4 12. Bxc6 Bxg5 13. Bxd5 Nf6 14.
Bxf7+ Rxf7 15. Nxg5 Rf8 16. b3 Bg4 17. Qd2 Rfd8 18. c3 Rac8 19. h3 Bh5 20. Re7
Nd5 21. Re6 Qc5 22. Rc1 Nxc3 23. Ne4 Nxe4 24. Rxc5 Nxd2 25. Rxh5 Rc1+ 26. Kh2
Nf1+ 27. Kg1 Ng3+ 28. Kh2 Nxh5 {White resigns} 0-1

[Event "Team 45 45 League T41"]
[Site "Internet Chess Club"]
[Date "2009.06.06"]
[Round "6"]
[White "Morovon23"]
[Black "Intelectual"]
[Result "1-0"]
[WhiteElo "2198"]
[BlackElo "1885"]
[Opening "King's Indian: orthodox, Aronin-Taimanov, 9.Ne1"]
[ECO "E98"]
[Time "22:03:58"]
[TimeControl "2700+45"]

1. d4 Nf6 2. Nf3 g6 3. c4 Bg7 4. Nc3 O-O 5. e4 d6 6. Be2 e5 7. O-O Nc6 8. d5 Ne7
9. Ne1 Ne8 10. Be3 f5 11. f3 f4 12. Bf2 Nf6 13. Rc1 a5 14. c5 Ne8 15. cxd6 cxd6
16. Na4 Bd7 17. Nb6 Rb8 18. Qd2 a4 19. Qb4 g5 20. Nxd7 Qxd7 21. Bb5 Qd8 22. Bxa4
Ng6 23. Bxe8 Rxe8 24. Nc2 h5 25. Na3 g4 26. fxg4 hxg4 27. Nb5 g3 28. hxg3 fxg3
29. Bxg3 Qg5 30. Rc3 Rf8 31. Qxd6 Rxf1+ 32. Kxf1 Rf8+ 33. Kg1 Qg4 34. Qe6+ Qxe6
35. dxe6 Re8 36. Nc7 Re7 37. Kf2 Nf8 38. Bh4 Rxc7 39. Rxc7 Nxe6 40. Rxb7 Nc5 41.
Rb8+ Kf7 42. Kf3 {Black resigns} 1-0

[Event "Team 45 45 League T41"]
[Site "Internet Chess Club"]
[Date "2009.06.07"]
[Round "6"]
[White "cesaralexander"]
[Black "dpawn"]
[Result "1-0"]
[WhiteElo "2022"]
[BlackElo "1893"]
[Opening "QGD semi-Slav: Stoltz variation"]
[ECO "D45"]
[Time "22:27:25"]
[TimeControl "2700+45"]

1. d4 d5 2. c4 c6 3. Nf3 Nf6 4. Nc3 e6 5. e3 Nbd7 6. Qc2 Bd6 7. Be2 O-O 8. O-O
dxc4 9. Bxc4 e5 10. h3 Qc7 11. Bb3 Re8 12. Bd2 h6 13. Rac1 e4 14. Nh4 Nf8 15. f4
Qe7 16. Be1 Be6 17. Bxe6 Qxe6 18. a3 Rac8 19. b4 a5 20. Na4 Nd5 21. Qb3 Nxf4 22.
Qxe6 N4xe6 23. Nc5 b6 24. Nb7 Be7 25. Nf5 Rc7 26. Nbd6 Bxd6 27. Nxd6 Ree7 28.
bxa5 Nd8 29. axb6 Rcd7 30. Bb4 Re6 31. Nc4 Rg6 32. Ne5 Rb7 33. Nxg6 Nxg6 34. Bc5
Ne6 35. a4 Nxc5 36. Rxc5 Rxb6 37. Rfc1 Ne7 38. a5 Ra6 39. Rb1 f5 40. Rb6 Ra8 41.
a6 Nd5 42. Rbxc6 {Black resigns} 1-0

[Event "Team 45 45 League T41"]
[Site "Internet Chess Club"]
[Date "2009.06.08"]
[Round "6"]
[White "PandorasBox"]
[Black "alastorx"]
[Result "1-0"]
[WhiteElo "2227"]
[BlackElo "1942"]
[Opening "French: Winawer (Nimzovich) variation"]
[ECO "C15"]
[Time "16:01:03"]
[TimeControl "2700+45"]

1. d4 e6 2. e4 d5 3. Nc3 Bb4 4. a3 Bxc3+ 5. bxc3 dxe4 6. Qg4 Nf6 7. Qxg7 Rg8 8.
Qh6 c5 9. Ne2 Nc6 10. Bg5 Rg6 11. Bxf6 Rxh6 12. Bxd8 Kxd8 13. O-O-O Kc7 14. Ng3
f5 15. Bc4 Ne7 16. Ne2 Nd5 17. dxc5 Kc6 18. Bxd5+ exd5 19. Nf4 Be6 20. c4 Rd8
21. cxd5+ Rxd5 22. Nxd5 Bxd5 23. Rd4 Kxc5 24. Rhd1 Bc6 25. h3 Rg6 26. g3 f4 27.
gxf4 Rf6 28. R1d2 Rxf4 29. Rb4 a6 30. Rb3 Bd5 31. Rg3 h6 32. Rc3+ Bc4 33. Kb2 b5
34. Rg3 Bf7 35. Rg7 Rf3 36. Rh7 Rf6 37. Rd8 Be6 38. Rdh8 Rxf2 39. Rxh6 Bc4 40.
Rxa6 e3 41. Rg6 e2 42. Rh5+ Kd4 43. Rg4+ Ke3 44. Re5+ Kf3 45. Rge4 Rf1 46. a4
Rh1 47. Kc3 Rxh3 48. axb5 Bxb5 49. Re3+ Kf4 50. Kd2 Rh2 51. R5e4+ Kf5 52. Re5+
Kf4 53. R5e4+ Kf5 54. c4 Bc6 55. Rxe2 Rh7 56. Re5+ Kf4 57. Re7 Rh3 58. Rf2+ Kg4
59. Rg7+ {Black resigns} 1-0

[Event "Team 45 45 League T41"]
[Site "Internet Chess Club"]
[Date "2009.06.05"]
[Round "6"]
[White "matein7"]
[Black "NFK"]
[Result "1-0"]
[WhiteElo "1874"]
[BlackElo "1706"]
[Opening "Bogo-Indian defense, Grünfeld variation"]
[ECO "E11"]
[Time "14:00:06"]
[TimeControl "2700+45"]

1. d4 Nf6 2. Nf3 e6 3. c4 Bb4+ 4. Nbd2 Nc6 5. e3 O-O 6. Bd3 b6 7. O-O Be7 8. e4
Bb7 9. Re1 d5 10. cxd5 exd5 11. e5 Ne8 12. a3 f5 13. Nf1 g5 14. b4 a6 15. Qc2
Ng7 16. Ne3 Qd7 17. Nxd5 g4 18. Nxe7+ Qxe7 19. d5 Nxb4 20. axb4 gxf3 21. Qb3 Kh8
22. Bf4 fxg2 23. d6 cxd6 24. exd6 Qh4 25. Be5 Be4 26. Qc4 b5 27. Qd4 Qg5 28. Re3
Rf7 29. Rxe4 fxe4 30. Qxe4 {Black resigns} 1-0

[Event "Team 45 45 League T41"]
[Site "Internet Chess Club"]
[Date "2009.06.05"]
[Round "6"]
[White "BrerRabbit"]
[Black "fishhead"]
[Result "1/2-1/2"]
[WhiteElo "1563"]
[BlackElo "1819"]
[Opening "English, 1...Nf6 (Anglo-Indian defense)"]
[ECO "A15"]
[Time "19:00:34"]
[TimeControl "2700+45"]

1. c4 Nf6 2. g3 g6 3. Bg2 Bg7 4. Nc3 d6 5. d3 O-O 6. Bg5 h6 7. Bd2 e5 8. e4 Nc6
9. Nge2 Nb4 10. Nc1 a5 11. a3 Na6 12. O-O c6 13. N1e2 Nc5 14. Nc1 Qb6 15. Rb1 a4
16. h3 Nh5 17. Be3 Qa5 18. N1e2 f5 19. exf5 gxf5 20. f4 Ne6 21. Kh2 Kh8 22. Qe1
Rg8 23. Qd2 exf4 24. Nxf4 Nexf4 25. gxf4 Be6 26. Bf3 Bf7 27. Rg1 Bf6 28. Rxg8+
Rxg8 29. Rg1 Rxg1 30. Kxg1 d5 31. cxd5 cxd5 32. Nxd5 Qxd2 33. Bxd2 Bxb2 34. Bb4
b5 35. Bd6 Kh7 36. Nc7 Bc1 37. Nxb5 Nxf4 38. Bxf4 Bxf4 39. Bc6 Kg7 40. Kf2 Kf6
41. Nc3 Bc1 42. Bxa4 Bxa3 43. Kf3 Ke5 44. Nd1 Bh5+ 45. Kg2 Kd4 46. Nf2 Ke3 47.
Bd7 Bf3+ 48. Kg1 Bc5 49. Bxf5 Ke2 50. Bg4 Bxf2+ 51. Kh2 Bxg4 52. hxg4 Kf3 53.
Kh3 Bd4 54. Kh4 Kf4 55. Kh5 Bg7 56. d4 {Game drawn by mutual agreement} 1/2-1/2

[Event "Team 45 45 League T41"]
[Site "Internet Chess Club"]
[Date "2009.06.07"]
[Round "6"]
[White "Knight77"]
[Black "playwaycool"]
[Result "0-1"]
[WhiteElo "1909"]
[BlackElo "2110"]
[Opening "Réti: King's Indian attack"]
[ECO "A08"]
[Time "22:00:20"]
[TimeControl "2700+45"]

1. Nf3 d5 2. g3 c5 3. Bg2 Nc6 4. d3 Nf6 5. Nbd2 g6 6. O-O Bg7 7. e4 O-O 8. c3 d4
9. Nb3 dxc3 10. bxc3 c4 11. Nbd4 cxd3 12. Nxc6 bxc6 13. Ne1 Ba6 14. Bd2 Rb8 15.
Qa4 Qb6 16. Nf3 Bb5 17. Qd4 c5 18. Qe3 Nd7 19. Rfb1 Qa6 20. Bf1 Rfc8 21. a4 Bc4
22. Ne1 Rxb1 23. Rxb1 Qxa4 24. Nxd3 Qa6 25. Nf4 Bxf1 26. Rxf1 e6 27. Rb1 Ne5 28.
Be1 h6 29. Qd2 Nf3+ {White resigns} 0-1

[Event "Team 45 45 League T41"]
[Site "Internet Chess Club"]
[Date "2009.06.07"]
[Round "6"]
[White "bobhill"]
[Black "CHESSISTA1"]
[Result "0-1"]
[WhiteElo "2012"]
[BlackElo "1733"]
[Opening "King's Indian: Torre attack"]
[ECO "A48"]
[Time "22:00:50"]
[TimeControl "2700+45"]

1. d4 Nf6 2. Nf3 g6 3. Bg5 Bg7 4. Nbd2 d6 5. e4 h6 6. Bh4 g5 7. Bg3 Nh5 8. c3 c5
9. Qc2 g4 10. Nh4 cxd4 11. Bb5+ Kf8 12. cxd4 Bxd4 13. Rd1 Bf6 14. O-O Nxg3 15.
fxg3 Nd7 16. Kh1 Ne5 17. Nb3 Be6 18. Nc5 Rc8 19. Nxe6+ fxe6 20. Qb3 Kf7 21. Nf5
Rc5 22. Be2 Qb6 23. Qxb6 axb6 24. Ne3 h5 25. b3 Rhc8 26. Nc4 Nxc4 27. bxc4 Ra8
28. Rb1 Rxa2 29. Bd1 Ra6 30. h3 gxh3 31. gxh3 Ke8 32. g4 hxg4 33. Bxg4 Kd7 34.
Rf2 Re5 35. Bf3 Kc7 36. Rg2 Ra3 37. Rf2 Bh4 38. Rff1 Rc3 39. Rbc1 Re3 40. Kg2
Rg5+ 41. Kh2 Rg3 42. Bg2 Re2 43. Rg1 Rg6 44. Kh1 Bg3 45. Rc3 Bf2 46. Rd1 Bd4 47.
Bf3 Bxc3 48. Bxe2 Rg3 49. Bg4 Kd7 50. Rf1 Be5 51. Rf8 Re3 52. Rb8 Kc7 53. Re8
Kd7 54. Rb8 Kc7 55. Re8 Bf6 56. Bxe6 b5 57. cxb5 Rxe4 58. Rc8+ Kb6 59. Bd7 d5
60. Kg2 d4 61. Bg4 Re5 62. Kg3 Rxb5 63. Kf4 Rc5 64. Rd8 e5+ 65. Ke4 Bxd8 66. Be6
Kc7 67. Bf5 Kd6 68. Kf3 Rc3+ 69. Kg4 d3 70. Kh5 d2 71. Bg4 Rxh3+ {White resigns}
0-1

[Event "Team 45 45 League T41"]
[Site "Internet Chess Club"]
[Date "2009.06.08"]
[Round "6"]
[White "werty"]
[Black "Kravier"]
[Result "1-0"]
[WhiteElo "1547"]
[BlackElo "1646"]
[Opening "Queen's pawn game"]
[ECO "A46"]
[Time "14:44:48"]
[TimeControl "2700+45"]

1. d4 Nf6 2. Nf3 e6 3. c3 b6 4. e3 Bb7 5. Bd3 Nc6 6. Nbd2 Be7 7. O-O O-O 8. Re1
d5 9. e4 dxe4 10. Nxe4 Nxe4 11. Bxe4 Na5 12. Bf4 Bxe4 13. Rxe4 Bd6 14. Qe2 Bxf4
15. Rxf4 Qd5 16. Re4 Rad8 17. b3 Qc6 18. Rc1 Rfe8 19. Ne5 Qd6 20. f4 f6 21. Nf3
f5 22. Re3 Qxf4 23. Re1 Rd6 24. d5 Rxd5 25. Rxe6 Rf8 26. Re8 Rd8 27. Qe6+ Kh8
28. Rxd8 {Black resigns} 1-0

[Event "Team 45 45 League T41"]
[Site "Internet Chess Club"]
[Date "2009.06.03"]
[Round "6"]
[White "chess92192"]
[Black "natethegreat"]
[Result "1-0"]
[WhiteElo "1992"]
[BlackElo "1799"]
[Opening "King's Indian: Andersson variation"]
[ECO "E92"]
[Time "18:30:03"]
[TimeControl "2700+45"]

1. d4 Nf6 2. c4 g6 3. Nc3 Bg7 4. e4 d6 5. Nf3 O-O 6. Be2 e5 7. dxe5 dxe5 8. Qxd8
Rxd8 9. Bg5 Re8 10. Nd5 Nxd5 11. cxd5 h6 12. Be3 b6 13. Rc1 c6 14. dxc6 Re6 15.
O-O Rxc6 16. Bc4 Bg4 17. Bd5 Bd7 18. Bxc6 Nxc6 19. Rfd1 Nd4 20. Nxd4 exd4 21.
Bxd4 Bxd4 22. Rxd4 Be6 23. a3 g5 24. g3 Kh7 25. Kf1 Kg6 26. Ke2 b5 27. Ke3 Bc4
28. Rd6+ Kg7 29. Rcd1 Be6 30. Rd8 Rxd8 31. Rxd8 a5 32. b4 a4 33. Kd4 Bc4 34. Rc8
Bf1 35. f4 g4 36. Ke5 Bc4 37. Rxc4 {Black resigns} 1-0

[Event "Team 45 45 League T41"]
[Site "Internet Chess Club"]
[Date "2009.06.04"]
[Round "6"]
[White "vkpanch"]
[Black "SilverBlade"]
[Result "1-0"]
[WhiteElo "1668"]
[BlackElo "1676"]
[Opening "Ruy Lopez: Möller defense"]
[ECO "C78"]
[Time "21:30:27"]
[TimeControl "2700+45"]

1. e4 e5 2. Nf3 Nc6 3. Bb5 a6 4. Ba4 Nf6 5. O-O Bc5 6. c3 O-O 7. Re1 d6 8. h3 h6
9. d4 exd4 10. cxd4 Bb4 11. Bd2 Bxd2 12. Nbxd2 b5 13. Bb3 Re8 14. e5 dxe5 15.
dxe5 Nd5 16. Rc1 Bb7 17. Nf1 Na5 18. Bxd5 Bxd5 19. Ne3 Bxf3 20. Qxf3 Rxe5 21.
Rxc7 Rc8 22. Qxf7+ {Black resigns} 1-0

[Event "Team 45 45 League T41"]
[Site "Internet Chess Club"]
[Date "2009.06.03"]
[Round "6"]
[White "soccerisfun"]
[Black "John3v16"]
[Result "1-0"]
[WhiteElo "1478"]
[BlackElo "1667"]
[Opening "Sicilian: Labourdonnais-Löwenthal variation"]
[ECO "B32"]
[Time "20:01:16"]
[TimeControl "2700+45"]

1. e4 c5 2. Nf3 Nc6 3. d4 cxd4 4. Nxd4 e5 5. Nb3 Nf6 6. Nc3 Bb4 7. Bd3 d5 8.
exd5 Qxd5 9. O-O Bxc3 10. bxc3 Be6 11. Ba3 b6 12. Qe2 Bc8 13. Rad1 Qe6 14. Bb5
Bb7 15. Rd6 Qe7 16. Rxc6 Qxa3 17. Rc8+ Ke7 18. Qxe5# {Black checkmated} 1-0

[Event "Team 45 45 League T41"]
[Site "Internet Chess Club"]
[Date "2009.06.10"]
[Round "6"]
[White "rayonline53"]
[Black "smsxman"]
[Result "1-0"]
[WhiteElo "1588"]
[BlackElo "1504"]
[Opening "Ruy Lopez: old Steinitz defense"]
[ECO "C62"]
[Time "12:05:56"]
[TimeControl "2700+45"]

1. e4 e5 2. Nf3 Nc6 3. Bb5 d6 4. O-O Bd7 5. c3 Nf6 6. Re1 Be7 7. d4 exd4 8. cxd4
O-O 9. Nc3 a6 10. Ba4 b5 11. Bc2 Bg4 12. a3 Re8 13. Qd3 Bh5 14. Bg5 Bg6 15. Nh4
b4 16. Nxg6 fxg6 17. axb4 Kh8 18. Qc4 Qd7 19. Ba4 Qg4 20. Bxf6 Bxf6 21. Bxc6
Rad8 22. Bxe8 Rxe8 23. Qf7 Rc8 24. e5 Bh4 25. e6 Qxd4 26. e7 Bxf2+ 27. Qxf2
Qxf2+ 28. Kxf2 Re8 29. Nd5 Kg8 30. Nxc7 Kf7 31. Nxe8 Kxe8 32. Rxa6 {Black
resigns} 1-0